 Dungeon Crawl Stone Soup version 0.19.0-24-gb05acd6 (webtiles) character file.

5597 smedtjen the Thaumaturge (level 10, 0/52 HPs)
             Began as a Deep Elf Fire Elementalist on Nov 20, 2016.
             Was a Priest of Vehumet.
             Slain by a wight
             ... wielding a cursed +5 spear
              (5 damage)
             ... on level 10 of the Dungeon on Nov 21, 2016.
             The game lasted 01:42:32 (16118 turns).

smedtjen the Thaumaturge (DEFE)                    Turns: 16118, Time: 01:42:32

Health: 0/52       AC: 10    Str: 12    XL:     10   Next: 45%
Magic:  9/26       EV: 15    Int: 23    God:    Vehumet [***...]
Gold:   600        SH:  0    Dex: 17    Spells: 9 memorised, 4 levels left

rFire  . . .     SeeInvis .     s - +11 rapier of Meryap {vamp, Str+4}
rCold  + . .     Gourm    .     B - +3 leather armour {rC+}
rNeg   . . .     Faith    .     (no shield)
rPois  .         Spirit   .     K - +1 helmet
rElec  .         Reflect  .     (no cloak)
rCorr  .         Harm     .     C - +1 pair of gloves
MR     +....                    (no boots)
Stlth  +++.......               (no amulet)
                                D - +2 ring of strength
                                R - +2 ring of dexterity

@: drained
A: no striking features
a: Renounce Religion


You were on level 10 of the Dungeon.
You worshipped Vehumet.
Vehumet was most pleased with you.
You were not hungry.

You visited 1 branch of the dungeon, and saw 10 of its levels.
You also visited: Sewer.

You collected 600 gold pieces.

Inventory:

Hand Weapons
 r - the +1 long sword of Inquiry {flame, rF+++ Str-5 Int+7, unknown}
   (You found it on level 9 of the Dungeon)

   It has been specially enchanted to burn those struck by it, causing extra
   injury to most foes and up to half again as much damage against particularly
   susceptible opponents.
   Big, fiery blades are also staple armaments of hydra-hunters.
   It affects your strength (-5).
   It affects your intelligence (+7).
   It renders you almost immune to fire.
 s - the +11 rapier of Meryap (weapon) {vamp, Str+4}
   (You found it on level 7 of the Dungeon)

   It inflicts no extra harm, but heals its wielder when it wounds a living foe.
   It affects your strength (+4).
 E - a +0 hand axe of electrocution
 M - a +0 rapier
Missiles
 o - 206 stones (quivered)
Armour
 B - a +3 leather armour of cold resistance (worn)
 C - a +1 pair of gloves (worn)
 K - a +1 helmet (worn)
 P - a +2 chain mail of poison resistance
Jewellery
 t - an uncursed ring of flight {unknown}
 z - an uncursed ring of protection from cold
 D - a +2 ring of strength (right hand)
 R - a +2 ring of dexterity (left hand)
Wands
 x - a wand of polymorph (10/24)
 y - a wand of lightning (4/15)
 F - a wand of flame (36/48)
 T - a wand of flame (26/48)
Scrolls
 m - 3 scrolls of noise
 p - 3 scrolls of remove curse
 v - a scroll of enchant weapon {unknown}
 H - 2 scrolls of magic mapping
Potions
 a - a potion of cure mutation {unknown}
 d - a potion of mutation {unknown}
 g - 3 potions of brilliance
 h - a potion of heal wounds
 i - 2 potions of agility {unknown}
 k - a potion of haste {unknown}
 l - 4 potions of magic
 n - a potion of ambrosia {unknown}
 w - a potion of cancellation {unknown}
 A - a potion of degeneration {unknown}
 G - a potion of flight {unknown}
 J - 3 potions of lignification {unknown}
 N - 4 potions of might
 S - 2 potions of curing
Books
 b - a book of Flames

   Spells                             Type                      Level
   a - Flame Tongue                   Conjuration/Fire             1
   b - Throw Flame                    Conjuration/Fire             2
   c - Conjure Flame                  Conjuration/Fire             3
   d - Inner Flame                    Hexes/Fire                   3
   e - Sticky Flame                   Conjuration/Fire             4
   f - Fireball                       Conjuration/Fire             5
 e - a book of Battle

   Spells                             Type                      Level
   a - Infusion                       Charms                       1
   b - Shroud of Golubria             Charms/Translocation         2
   c - Song of Slaying                Charms                       2
   d - Spectral Weapon                Hexes/Charms                 3
   e - Regeneration                   Charms/Necromancy            3
 f - a book of Conjurations

   Spells                             Type                      Level
   a - Magic Dart                     Conjuration                  1
   b - Searing Ray                    Conjuration                  2
   c - Dazzling Spray                 Conjuration/Hexes            3
   d - Fulminant Prism                Conjuration/Hexes            4
   e - Iskenderun's Mystic Blast      Conjuration                  4
   f - Iskenderun's Battlesphere      Conjuration/Charms           5
Comestibles
 c - 9 bread rations
 L - 4 fruits


   Skills:
 + Level 1.4(1.3) Fighting
 + Level 3.6(3.5) Short Blades
   Level 0.2(0.1) Polearms
 + Level 3.1 Armour
 + Level 5.8(5.7) Dodging
 + Level 4.6 Stealth
 + Level 10.9(10.8) Spellcasting
 + Level 8.3(8.2) Conjurations
 + Level 9.0(8.9) Fire Magic


You had 4 spell levels left.
You knew the following spells:

 Your Spells              Type           Power        Failure   Level  Hunger
a - Flame Tongue          Conj/Fire      #####        1%          1    None
b - Throw Flame           Conj/Fire      ######       1%          2    None
c - Sticky Flame          Conj/Fire      ######..     1%          4    None
d - Conjure Flame         Conj/Fire      ######..     1%          3    None
e - Fireball              Conj/Fire      ######....   2%          5    ####...
f - Iskenderun's Mystic   Conj           ######..     1%          4    None
g - Inner Flame           Hex/Fire       ####....     1%          3    None
h - Regeneration          Chrm/Necr      ##........   21%         3    None
i - Sting                 Conj/Pois      ####         1%          1    None


Dungeon Overview and Level Annotations

Branches:
Dungeon (10/15)            Temple (0/1) D:5
   Lair: D:8-11         Orc: D:9-12

Altars:
Elyvilon
Qazlal
Vehumet
The Shining One


Message History

The crocodile bites you!
* * * LOW HITPOINT WARNING * * *
The big kobold closely misses you.
You feel better. The killer bee misses you.
The killer bee completely misses you.
The killer bee stings you but does no damage.
The killer bee misses you. x2; The wight hits you but does no damage.
The wight closely misses you. The killer bee closely misses you.
The kobold closely misses you. The crocodile misses you.
The killer bee stings you!
* * * LOW HITPOINT WARNING * * *
The big kobold misses you. The killer bee barely misses you.
Quiver which item? (- for none, * to show all) (? for menu, Esc to quit)
Quivering
s - the +11 rapier of Meryap {vamp, Str+4} for throwing.
You feel better. The killer bee barely misses you.
The killer bee completely misses you. The killer bee stings you.
* * * LOW HITPOINT WARNING * * *
The killer bee closely misses you. x2
The wight hits you from afar with an enchanted spear.
You die...

..... #.....
......
###......
########......#
..........W..#
.......y†...#
......zyy...#
.....zy@yK..#
......KKt..##
..(......$.#
...?.......#
#..%.......#
#..........#
#...........
#..........##


You could see a phantom, a crocodile, a big kobold, 5 killer bees, 2 wights and
2 kobolds.

Vanquished Creatures
  A two-headed ogre (D:9)
  A hippogriff (D:9)
  The ghost of stickyfingers the Vandal, an amateur OpAM (D:3)
  4 yaks (D:9)
  A hungry ghost (D:9)
  2 orc warriors (D:6)
  2 black bears
  A sky beast (D:5)
  4 ice beasts
  3 phantoms
  4 centaurs
  6 ogres
  A big kobold (D:9)
  The ghost of smedtjen the Firebug, an amateur HEFE of Qazlal (D:4)
  9 bullfrogs
  A wyvern skeleton (D:8)
  A scorpion (D:7)
  2 killer bees
  A wight (D:10)
  A howler monkey (D:8)
  6 crimson imps
  A bullfrog zombie (D:4)
  A jelly (D:8)
  A centaur skeleton (D:6)
  4 hounds
  6 orc wizards
  3 bullfrog skeletons
  2 iguanas (D:4)
  11 worker ants
  A killer bee zombie (D:6)
  A hound zombie (D:9)
  2 hound skeletons
  2 worker ant zombies
  Robin (D:3)
  8 adders
  A howler monkey skeleton (D:8)
  10 gnolls
  An adder zombie (D:5)
  An adder skeleton (D:7)
  3 worms (D:3)
  3 dart slugs
  5 leopard geckos
  28 orcs
  7 giant cockroaches
  13 goblins
  7 hobgoblins
  6 jackals
  12 kobolds
  2 quokkas
  8 ball pythons
  5 bats
  7 frilled lizards
  A leopard gecko skeleton (D:5)
  A leopard gecko zombie (D:5)
  A quokka skeleton (D:4)
  16 rats
235 creatures vanquished.

Notes
Turn   | Place    | Note
-------+----------+-------------------------------------------
     0 | D:1      | smedtjen the Deep Elf Fire Elementalist began the quest for the Orb.
     0 | D:1      | Reached XP level 1. HP: 10/10 MP: 6/6
    10 | D:1      | Noticed an electric eel
    13 | D:1      | Noticed an electric eel
   158 | D:1      | Found a glowing golden altar of the Shining One.
   504 | D:1      | Reached XP level 2. HP: 9/15 MP: 1/8
   508 | D:1      | Learned a level 2 spell: Throw Flame
  1313 | D:2      | Found a faded altar of an unknown god.
  1404 | D:2      | Reached XP level 3. HP: 11/19 MP: 6/10
  2444 | D:3      | Reached skill level 4 in Spellcasting
  2444 | D:3      | Reached XP level 4. HP: 13/24 MP: 2/12
  3004 | D:3      | Noticed stickyfingers's ghost (amateur OpAM)
  3076 | D:3      | Killed stickyfingers's ghost
  3076 | D:3      | Reached skill level 5 in Spellcasting
  3076 | D:3      | Reached skill level 5 in Fire Magic
  3076 | D:3      | Reached XP level 5. HP: 15/28 MP: 1/14
  3076 | D:3      | Reached XP level 6. HP: 17/32 MP: 1/16
  4127 | D:4      | Noticed smedtjen's ghost (amateur HEFE)
  4133 | D:4      | Killed smedtjen's ghost
  4271 | D:4      | Reached skill level 6 in Spellcasting
  4440 | D:4      | Reached skill level 1 in Short Blades
  4440 | D:4      | Reached XP level 7. HP: 26/37 MP: 8/18
  4553 | D:4      | Found a radiant altar of Vehumet.
  4778 | D:4      | Noticed Robin
  4798 | D:3      | Killed Robin
  5176 | D:4      | Became a worshipper of Vehumet
  5369 | D:4      | Found a stormy altar of Qazlal.
  6121 | D:5      | Entered Level 5 of the Dungeon
  6310 | D:5      | Reached skill level 1 in Armour
  6310 | D:5      | Reached skill level 7 in Spellcasting
  6845 | D:5      | Reached skill level 1 in Fighting
  6845 | D:5      | Reached XP level 8. HP: 27/43 MP: 11/21
  7704 | D:5      | Reached * piety under Vehumet
  7704 | D:5      | Offered knowledge of Magic Dart by Vehumet.
  8015 | D:5      | Found a staircase to the Ecumenical Temple.
  8542 | D:6      | Found a glowing drain.
  8620 | Sewer    | Entered a sewer
  9057 | Sewer    | Reached skill level 5 in Conjurations
  9386 | D:6      | Found a white marble altar of Elyvilon.
  9645 | D:6      | Reached skill level 8 in Spellcasting
 10768 | D:6      | Learned a level 4 spell: Sticky Flame
 10772 | D:6      | Learned a level 3 spell: Conjure Flame
 10778 | D:6      | Learned a level 5 spell: Fireball
 10871 | D:6      | Reached XP level 9. HP: 47/47 MP: 13/23
 10871 | D:6      | Reached ** piety under Vehumet
 10871 | D:6      | Offered knowledge of Sting by Vehumet.
 10874 | D:6      | Learned a level 1 spell: Sting
 11161 | D:7      | Reached skill level 9 in Spellcasting
 11603 | D:7      | Learned a level 3 spell: Inner Flame
 11607 | D:7      | Learned a level 3 spell: Regeneration
 12059 | D:7      | Got an ichor-stained rapier
 12061 | D:7      | Identified the +11 rapier of Meryap {vamp, Str+4} (You found it on level 7 of the Dungeon)
 12251 | D:7      | Learned a level 4 spell: Iskenderun's Mystic Blast
 12328 | D:7      | Offered knowledge of Throw Frost by Vehumet.
 12498 | D:7      | Reached skill level 5 in Dodging
 13323 | D:8      | Reached *** piety under Vehumet
 13788 | D:8      | Reached skill level 10 in Spellcasting
 14372 | D:9      | Got a smoking long sword
 14433 | D:9      | Reached XP level 10. HP: 52/52 MP: 23/26
 14450 | D:9      | Offered knowledge of Ignite Poison by Vehumet.
 16069 | D:10     | Entered Level 10 of the Dungeon
 16117 | D:10     | HP: 2/52 [killer bee (8)]
 16118 | D:10     | Slain by a wight

Skill      XL: |  1  2  3  4  5  6  7  8  9 10 |
---------------+-------------------------------+-----
Fire Magic     | 4 5 6 7 8 9 |  9.0
Spellcasting   | 4 5 6 7 8 10 | 10.9
Dodging        | 3 4 5 |  5.8
Conjurations   | 2 3 4 5 7 8 |  8.3
Stealth        | 3 4 |  4.6
Short Blades   | 1 3 |  3.6
Armour         | 1 2 3 |  3.1
Fighting       | 1 |  1.4
Polearms       | |  0.2

Action                   |  1- 3 |  4- 6 |  7- 9 | 10-12 || total
-------------------------+-------+-------+-------+-------++-------
Melee: Unarmed           |     2 |       |       |       ||     2
       Spear             |     1 |       |    55 |       ||    56
       Dagger            |     9 |    10 |   324 |       ||   343
       Rapier            |       |       |    74 |    22 ||    96
 Cast: Flame Tongue      |    42 |    64 |   228 |    51 ||   385
       Throw Flame       |     6 |    28 |   101 |    16 ||   151
       Fireball          |       |       |    24 |     6 ||    30
       Iskenderun's Myst |       |       |     6 |     7 ||    13
       Sticky Flame      |       |       |       |     1 ||     1
       Inner Flame       |       |       |       |     1 ||     1
Evoke: Wand              |       |       |     2 |       ||     2
  Use: Scroll            |       |     5 |    15 |     6 ||    26
       Potion            |       |       |       |     4 ||     4
 Stab: Sleeping          |       |       |     2 |       ||     2
  Eat: Chunk             |     2 |     1 |     3 |     2 ||     8
       Pizza             |     1 |       |       |       ||     1
       Beef jerky        |     1 |       |       |       ||     1
       Fruit             |       |     5 |     2 |       ||     7
       Meat ration       |       |     1 |     3 |       ||     4
       Bread ration      |       |       |     3 |     1 ||     4
       Royal jelly       |       |       |     2 |       ||     2
Armor: Robe              |     3 |       |       |       ||     3
       Leather armour    |       |    17 |   187 |    35 ||   239
Dodge: Dodged            |    23 |    43 |   333 |   102 ||   501
